 Dungeon Crawl Stone Soup version 0.30-a0-121-gb27577e5d9 (webtiles) character file.

Game seed: 14022047325278445011

305 IdlyInterested the Cutter (level 6, -2/44 HPs)
             Began as a Demonspawn Gladiator on Sept 14, 2022.
             Was a Follower of Qazlal.
             Slain by a gnoll bouda
             ... wielding a +0 club
              (10 damage)
             ... on level 4 of the Dungeon.
             The game lasted 00:15:02 (3953 turns).

IdlyInterested the Cutter (Demonspawn Gladiator)    Turns: 3953, Time: 00:15:02

Health: -2/44      AC:  8    Str: 14    XL:     6   Next: 15%
Magic:  17/17      EV: 12    Int:  9    God:    Qazlal [*.....]
Gold:   170        SH:  1    Dex: 17    Spells: 5/5 levels left

rFire   . . .      SeeInvis .    i - +2 dagger (venom)
rCold   . . .      Faith    .    (no shield)
rNeg    . . .      Spirit   .    x - +0 ring mail
rPois   .          Reflect  .    c - +1 helmet
rElec   .          Harm     .    (no cloak)
rCorr   .          Rampage  .    (no gloves)
Will    .....                    (no boots)
Stlth   ++........               (no amulet)
HPRegen 0.14/turn                v - ring of magical power
MPRegen 0.15/turn                (no ring)

@: no status effects
A: claws 1, demonic guardian 2, foul stench 1, sharp scales 1
a: Renounce Religion


You were on level 4 of the Dungeon.
You worshipped Qazlal.
Qazlal was aware of your devotion.
You visited 1 branch of the dungeon, and saw 4 of its levels.

You collected 170 gold pieces.

Inventory:

Hand Weapons
 a - a +2 rapier
 i - a +2 dagger of venom (weapon)
Missiles
 d - 3 throwing nets
 e - a javelin
 j - 28 stones (quivered)
 l - 3 poisoned darts
 q - 4 atropa-tipped darts
 s - 8 boomerangs
 u - 4 silver boomerangs
Armour
 b - a +0 leather armour
 c - a +1 helmet (worn)
 g - a +0 plate armour
 m - a +0 scale mail
 x - a +0 ring mail (worn)
 B - a +0 chain mail
Jewellery
 v - a ring of magical power (left claw)
Scrolls
 f - a scroll of amnesia {unknown}
 n - a scroll of fear
 r - a scroll of magic mapping
 t - 2 scrolls of poison
 y - 2 scrolls of torment
 A - a scroll of teleportation
Potions
 h - a potion of curing
 k - a potion of mutation
 o - a potion of haste
 p - a potion of ambrosia
 w - 2 potions of magic
 z - 4 potions of degeneration {unknown}


   Skills:
 - Level 2.0 Fighting
 * Level 4.3 Short Blades
 - Level 2.0 Throwing
 * Level 0.4 Armour
 + Level 4.0 Dodging
 + Level 2.3 Stealth
 + Level 2.8 Invocations


You had 5 spell levels left.
You didn't know any spells.
Your spell library contained the following spells:

 Spells                   Type           Power      Damage    Failure   Level
 Magic Dart               Conj           0%         1d3       63%         1
 Sandblast                Erth           0%         2d4       63%         1
 Passwall                 Tmut/Erth      0%         N/A       77%         2
 Searing Ray              Conj           0%         2d4       77%         2
 Stone Arrow              Conj/Erth      0%         3d7       94%         3
 Fulminant Prism          Conj/Hex       0%         3d6       100%        4


Dungeon Overview and Level Annotations

Branches:
Dungeon (4/15)
 Temple: D:4-7

Altars:
Gozag
Qazlal

Shops:
D:2 =


Innate Abilities, Weirdness & Mutations

You have sharp fingernails.
A demonic guardian rushes to your aid.
You may rarely emit foul miasma when damaged in melee.
You are partially covered in razor-sharp scales. (AC +1, Slay +1)


Message History

* * * LOW HITPOINT WARNING * * *
The gnoll bouda closely misses you.
You completely miss the gnoll. The gnoll closely misses you. x2
You hit the gnoll.
The gnoll is poisoned.
The gnoll is moderately wounded.
You kill the gnoll!
Qazlal accepts your kill. The gnoll bouda closely misses you.
The gnoll hits you but does no damage.
You hit the adder.
The adder is lightly wounded.
The adder closely misses you.
The gnoll bouda hits you with a +0 club.
* * * LOW HITPOINT WARNING * * *
A demonic guardian appears!
You hit the gnoll bouda.
The gnoll bouda looks as sick as possible!
The gnoll bouda is heavily wounded.
The gnoll hits you but does no damage. The adder bites you but does no damage.
The gnoll bouda closely misses you.
You hit the gnoll bouda but do no damage.
The gnoll bouda looks as sick as possible!
The gnoll bouda is severely wounded.
The adder barely misses you. The gnoll closely misses you.
The gnoll bouda hits you but does no damage.
You hit the gnoll bouda but do no damage.
The gnoll bouda is severely wounded.
The gnoll is no longer moving quickly.
The adder bites you but does no damage.
Your rust devil hits the adder!
The adder dies!
Qazlal accepts your kill. The gnoll barely misses you.
You hit the gnoll bouda but do no damage.
The gnoll bouda is almost dead.
The gnoll bouda utters an invocation to its god.
The gnoll bouda is healed somewhat.
The gnoll misses you.
You hit the gnoll.
You kill the gnoll!
Qazlal accepts your kill.
The gnoll bouda hits you with a +0 club!
You die...

*,* *...#,* #.# #.#.... *,*
*....,*##.#####.#.### *,*
**#..#**#............. *,*
#,,..# #..#####.#.###
*,***##*#.*#.# #..# #.#.#
*,,,,...#.##.####..#####.#.#
******#..................#.#
#.....)..............#
****###..##)@4##.##########
*,,,.......°g)...#
*,**###..##)#.#### *,*
#.,*#.#.# *,*
#,,*#.#.#****** *,**
*,,,..#..,,,,,* *,,*
**,*#...#****,* **,*
*,,....(,,,,,* *,*
*,,..≈..,,,,**


You could see a gnoll bouda (extremely poisoned, ally target) and a friendly
rust devil (summoned).

Vanquished Creatures
  3 orc priests (D:4)
  An orc wizard (D:4)
  4 gnolls (D:4)
  5 adders
  2 worms
  2 dart slugs
  7 orcs
  4 ball pythons
  6 endoplasms
  3 giant cockroaches
  6 goblins
  4 hobgoblins
  7 jackals (D:4)
  5 kobolds
  5 quokkas
  9 bats
  3 frilled lizards (D:1)
  6 rats
82 creatures vanquished.

Vanquished Creatures (collateral kills)
  2 adders (D:4)
  2 orcs (D:4)
4 creatures vanquished.

Grand Total: 86 creatures vanquished

Notes
Turn   | Place    | Note
-------+----------+-------------------------------------------
     0 | D:1      | IdlyInterested the Demonspawn Gladiator began the quest for
                  | the Orb.
     0 | D:1      | Reached XP level 1. HP: 16/16 MP: 1/1
   487 | D:1      | Gained mutation: You have sharp fingernails. [demonic
                  | ancestry]
   487 | D:1      | Reached XP level 2. HP: 21/22 MP: 2/2
   833 | D:1      | Reached skill level 1 in Stealth
  1362 | D:2      | Gained mutation: A weak demonic guardian rushes to your
                  | aid. [demonic ancestry]
  1362 | D:2      | Reached XP level 3. HP: 27/27 MP: 3/3
  1410 | D:2      | You fall into a shaft and drop 1 floor!
  1516 | D:3      | Found an opulent altar of Gozag.
  1666 | D:3      | Reached skill level 1 in Invocations
  1682 | D:3      | Found a faded altar of an unknown god.
  1818 | D:2      | Gained mutation: A demonic guardian rushes to your aid.
                  | [demonic ancestry]
  1818 | D:2      | Reached XP level 4. HP: 27/33 MP: 4/4
  1822 | D:2      | Found Koss's Jewellery Shoppe.
  2617 | D:3      | Found a stormy altar of Qazlal.
  2633 | D:3      | Became a worshipper of Qazlal Stormbringer
  3384 | D:4      | Gained mutation: You are partially covered in razor-sharp
                  | scales. (AC +1, Slay +1) [demonic ancestry]
  3384 | D:4      | Reached XP level 5. HP: 11/38 MP: 6/6
  3894 | D:4      | Reached * piety under Qazlal
  3897 | D:4      | Gained mutation: You may rarely emit foul miasma when
                  | damaged in melee. [demonic ancestry]
  3897 | D:4      | Reached XP level 6. HP: 30/44 MP: 8/8
  3953 | D:4      | Slain by a gnoll bouda

Illustrated notes

Levels and vault maps discovered:
D:1:      kennysheep_arrival_forest, layout_rooms
D:2:      layout_basic, serial_shops, nicolae_shop_competitors_out_of_business
D:3:      layout_basic, lemuel_doored_altar, grunt_qazlal_clouds,
          shapermc_ecumenical_altar_mp_highgroup, minmay_misc_feat_five,
          grunt_ministairs_6
D:4:      layout_loops_ring, mainiacjoe_overflow_boulevard, uniq_menkaure

Skill      XL: |  1  2  3  4  5 |
---------------+----------------+-----
Short Blades   | 3 4 |  4.3
Dodging        | 3 4 |  4.0
Stealth        | 1 2 |  2.3
Invocations    | 1 2 |  2.8
Throwing       | 2 |  2.0
Fighting       | |  2.0
Armour         | |  0.4

Action                   |  1- 3 |  4- 6 || total
-------------------------+-------+-------++-------
Melee: Rapier            |    21 |       ||    21
       Dagger            |    85 |   150 ||   235
       Punch             |       |     4 ||     4
Throw: Stone             |       |     3 ||     3
       Dart              |       |     1 ||     1
  Use: Scroll            |     5 |    11 ||    16
       Potion            |       |     1 ||     1
 Stab: Sleeping          |     1 |     1 ||     2
       Distracted        |       |     1 ||     1
Armor: Leather armour    |    14 |       ||    14
       Scale mail        |    16 |       ||    16
       Ring mail         |       |    52 ||    52
Dodge: Dodged            |    54 |   106 ||   160

Table legend: (Time is in decaauts)
 A = Elapsed time spent in this place.
 B = Non-inter-level travel time spent in this place.
 C = Inter-level travel time spent in this place.
 D = Time resting spent in this place.
 E = Time spent auto-exploring this place.
 F = Levels seen in this place.
 G = Mean time per level.
                   A        B        C        D        E       F      G
               +--------+--------+--------+--------+--------+-----+--------+
         Total |   3913 |   3582 |    331 |    958 |   1584 |   4 |  978.2 |
       Dungeon |   3913 |   3582 |    331 |    958 |   1584 |   4 |  978.2 |
               +--------+--------+--------+--------+--------+-----+--------+

Top non-repeatable levels by time:
     D:1: 1249 daAuts
     D:2: 990 daAuts
     D:3: 952 daAuts
     D:4: 721 daAuts
